 Dungeon Crawl Stone Soup version 0.31-a0-765-g67fe2935dc (webtiles) character file.

Game seed: 7315931604724370324

23 Descartes the Magician (level 2, -4/16 HPs)
             Began as a Deep Elf Wanderer on Sept 16, 2023.
             Slain by a hobgoblin
             ... wielding a +0 dagger
              (5 damage)
             ... on level 1 of the Dungeon.
             The game lasted 00:01:05 (327 turns).

Descartes the Magician (Deep Elf Wanderer)           Turns: 327, Time: 00:01:06

Health: -4/16      AC:  3    Str:  7    XL:     2   Next: 72%
Magic:  0/9        EV: 12    Int: 17    God:
Gold:   0          SH:  0    Dex: 15    Spells: 10/10 levels left

rFire   . . .        a - +2 dagger
rCold   . . .        (no shield)
rNeg    . . .        e - +0 robe
rPois   .            (no helmet)
rElec   .            (no cloak)
rCorr   .            (no gloves)
SInv    .            c - +0 pair of boots
Will    .....        h - amulet of guardian spirit
Stlth   +            (no ring)
HPRegen 0.22/turn    (no ring)
MPRegen 0.11/turn

%: guardian spirit
@: no status effects
A: no striking features
a: no special abilities


You were on level 1 of the Dungeon.
You visited 1 branch of the dungeon, and saw 1 of its levels.

Inventory:

Hand Weapons
 a - a +2 dagger (weapon)
Missiles
 b - 2 curare-tipped darts (quivered)
Armour
 c - a +0 pair of boots (worn)
 e - a +0 robe (worn)
Jewellery
 h - an amulet of guardian spirit (around neck)
Scrolls
 d - a scroll of blinking
 f - 4 scrolls of identify {unknown}
Potions
 g - a potion of curing {unknown}


   Skills:
 - Level 1.5 Fighting
 + Level 1.9 Short Blades
 - Level 3.0 Throwing
 - Level 1.2 Dodging
 + Level 4.6 Spellcasting
 + Level 1.6 Evocations


You had 10 spell levels left.
You didn't know any spells.
Your spell library was empty.

Dungeon Overview and Level Annotations

Branches:
Dungeon (1/15)

Altars:


Message History

You barely miss the goblin.
The goblin is heavily wounded.
The goblin hits you with a +0 club.
You hit the goblin.
You kill the goblin!
You hit the hobgoblin but do no damage.
The hobgoblin hits you with a +0 dagger!
* * * LOW HITPOINT WARNING * * *
You are too injured to fight recklessly!
You are too injured to fight recklessly!
You are too injured to fight recklessly!
You are too injured to fight recklessly!
You are too injured to fight recklessly!
You are too injured to fight recklessly!
You are too injured to fight recklessly!
You are too injured to fight recklessly!
You are too injured to fight recklessly!
You are too injured to fight recklessly!
You are too injured to fight recklessly!
You are too injured to fight recklessly!
You are too injured to fight recklessly!
You are too injured to fight recklessly!
You hit the hobgoblin.
The hobgoblin is moderately wounded.
The hobgoblin barely misses you.
You hit the hobgoblin.
The hobgoblin is heavily wounded.
You hit the hobgoblin.
The hobgoblin is almost dead.
A rat comes into view.
The hobgoblin hits you with a +0 dagger.
* * * LOW HITPOINT WARNING * * *
You hit the hobgoblin but do no damage.
The hobgoblin is almost dead.
The hobgoblin hits you with a +0 dagger.
* * * LOW HITPOINT WARNING * * *
You closely miss the hobgoblin.
The hobgoblin is almost dead.
The hobgoblin hits you with a +0 dagger.
You die...

###########)#
#####...........#
########......†........#
...........#.###.####..#
..#.###...##.###.####..#
.#.# #..................
>#.# #....#.....[###..##
.#.# #.#.##..###r# #
.#.###.#.##..# #@#
.#.......##..# #g#
..........# #.#
†.#######.# ... ...# .#
#.# ...# # ... ...# .#.
#### . . #


You could see a hobgoblin and a rat.

Vanquished Creatures
  4 ball pythons (D:1)
  A giant cockroach (D:1)
  3 goblins (D:1)
  7 jackals (D:1)
  2 kobolds (D:1)
  2 rats (D:1)
19 creatures vanquished.

Notes
Turn   | Place    | Note
-------+----------+-------------------------------------------
     0 | D:1      | Descartes the Deep Elf Wanderer began the quest for the
                  | Orb.
     0 | D:1      | Descartes set off with the following items: a +2 dagger, 2
                  | curare-tipped darts, a +0 pair of boots, a scroll of
                  | blinking, a +0 robe.
     0 | D:1      | Reached XP level 1. HP: 12/12 MP: 7/7
   102 | D:1      | Reached skill level 1 in Short Blades
   195 | D:1      | Reached XP level 2. HP: 8/16 MP: 9/9
   327 | D:1      | Slain by a hobgoblin

Illustrated notes

Levels and vault maps discovered:
D:1:      ncdulo_watergridlock, layout_loops_ring, st_stairs_11

Skill      XL: |  1 |
---------------+----+-----
Short Blades   | 1 |  1.9
Fighting       | |  1.5
Throwing       | |  3.0
Dodging        | |  1.2
Spellcasting   | |  4.6
Evocations     | |  1.6

Action                     || total
---------------------------++-------
  Melee: Dagger            ||    90
         Punch             ||     2
 Armour: Robe              ||    45
  Dodge: Dodged            ||    59

Table legend: (Time is in decaauts)
 A = Elapsed time spent in this place.
 B = Non-inter-level travel time spent in this place.
 C = Inter-level travel time spent in this place.
 D = Time resting spent in this place.
 E = Time spent auto-exploring this place.
 F = Levels seen in this place.
 G = Mean time per level.
                   A        B        C        D        E       F      G
               +--------+--------+--------+--------+--------+-----+--------+
         Total |    320 |    320 |      0 |      0 |    186 |   1 |  320.0 |
       Dungeon |    320 |    320 |      0 |      0 |    186 |   1 |  320.0 |
               +--------+--------+--------+--------+--------+-----+--------+

Top non-repeatable levels by time:
     D:1: 320 daAuts
